NCAA
CALIFORNIA GOLDEN BEARS @ MISSISSIPPI STATE BULLDOGS
04/03/2025
 
TOP OF THE 1ST
California Golden Bears batting - Pitching for Mississippi State Bulldogs : RHP Patrick Curtis
Pitching: RHP Patrick Curtis
Batting: LHB Kelsey Scott 0-0: Ball
1-0: Ball
2-0: Reached on Error, E7 (Flyball, 7M)
Batting: RHB Robin Dobson Pickoff Throw to First - Error! E1
Kelsey Scott to second
0-0: Called Strike
0-1: Foul Ball, location: 2F
0-2: Strikes out swinging
Batting: RHB Marv Shepard 0-0: Ball
1-0: Ball
2-0: Ball
3-0: Base on Balls
Batting: LHB Robbie Evison 0-0: Grounds into double play, 6-4-3 (Groundball, 6M)
Top of the 1st over - 0 run(s), 0 hit(s), 2 error(s), 1 left on base; California 0 - Mississippi State 0
BOTTOM OF THE 1ST
Mississippi State Bulldogs batting - Pitching for California Golden Bears : RHP Wilson Yoxall
Pitching: RHP Wilson Yoxall
Batting: LHB Jorge Hernández 0-0: Called Strike
0-1: Ball
1-1: Foul Ball, location: 2F
1-2: Ball
2-2: Strikes out swinging
Batting: RHB Manuel Martínez 0-0: Called Strike
0-1: Foul Ball, location: 2F
0-2: Reached on Error, E8 (Flyball, 8LM)
Batting: RHB Eric Thompson 0-0: Ball
1-0: Called Strike
1-1: Ball
2-1: Ball
3-1: 2-RUN HOME RUN (Flyball, 9D), Distance : 360 ft
Batting: RHB Johnny Williams 0-0: Ball
1-0: Foul Ball, location: 2F
1-1: Swinging Strike
1-2: Strikes out swinging
Batting: RHB Larry Beauregard 0-0: Fly out, F8 (Flyball, 8RM)
Bottom of the 1st over - 2 run(s), 1 hit(s), 1 error(s), 0 left on base; California 0 - Mississippi State 2
TOP OF THE 2ND
California Golden Bears batting - Pitching for Mississippi State Bulldogs : RHP Patrick Curtis
Batting: SHB Darrel Lang 0-0: Ball
1-0: Ball
2-0: Ball
3-0: Foul Ball, location: 2F
3-1: Foul Ball, location: 2F
3-2: Foul Ball, location: 2F
3-2: Strikes out looking
Batting: RHB Francis Land 0-0: Foul Ball, location: 2F
0-1: Ball
1-1: Foul Ball, location: 2F
1-2: Foul Ball, location: 2F
1-2: Strikes out looking
Batting: LHB Ken Wheeler 0-0: Ball
1-0: Foul Ball, location: 2F
1-1: Ball
2-1: Foul Ball, location: 2F
2-2: Ball
3-2: Base on Balls
Batting: LHB Ryan Rheaume 0-0: Ball
1-0: SINGLE (Line Drive, 4M)
Ken Wheeler to second
Batting: RHB William Knisley 0-0: Called Strike
0-1: Ball
1-1: Ball
2-1: Swinging Strike
2-2: Ball
3-2: Foul Ball, location: 2F
3-2: Base on Balls
Ken Wheeler to third
Ryan Rheaume to second
Batting: LHB Kelsey Scott 0-0: Ball
1-0: Ball
2-0: Ball
3-0: Base on Balls
Ken Wheeler scores
Ryan Rheaume to third
William Knisley to second
Batting: RHB Robin Dobson 0-0: GRAND SLAM HOME RUN (Flyball, 7D), Distance : 347 ft
Batting: RHB Marv Shepard 0-0: Ball
1-0: Fly out, F9 (Line Drive, 89S)
Top of the 2nd over - 5 run(s), 2 hit(s), 0 error(s), 0 left on base; California 5 - Mississippi State 2
BOTTOM OF THE 2ND
Mississippi State Bulldogs batting - Pitching for California Golden Bears : RHP Wilson Yoxall
Batting: SHB Rick Hinton 0-0: Called Strike
0-1: Ball
1-1: Ball
2-1: Foul Ball, location: 2F
2-2: Strikes out looking
Batting: RHB Woody Wright 0-0: Called Strike
0-1: Ball
1-1: Swinging Strike
1-2: Foul Ball, location: 2F
1-2: Strikes out swinging
Batting: SHB Alex Stewart 0-0: Called Strike
0-1: Called Strike
0-2: Strikes out swinging
Bottom of the 2nd over - 0 run(s), 0 hit(s), 0 error(s), 0 left on base; California 5 - Mississippi State 2
TOP OF THE 3RD
California Golden Bears batting - Pitching for Mississippi State Bulldogs : RHP Patrick Curtis
Batting: LHB Robbie Evison 0-0: Called Strike
0-1: Ball
1-1: Ball
2-1: SINGLE (Flyball, 7LM)
Batting: SHB Darrel Lang 0-0: Grounds into double play, 6-4-3 (Groundball, 6M)
Batting: RHB Francis Land 0-0: Called Strike
0-1: Ball
1-1: Swinging Strike
1-2: Strikes out swinging
Top of the 3rd over - 0 run(s), 1 hit(s), 0 error(s), 0 left on base; California 5 - Mississippi State 2
BOTTOM OF THE 3RD
Mississippi State Bulldogs batting - Pitching for California Golden Bears : RHP Wilson Yoxall
Batting: LHB Marvin Nichols 0-0: Fly out, F8 (Popup, 6MD)
Batting: LHB Jorge Hernández 0-0: Called Strike
0-1: Called Strike
0-2: Strikes out swinging
Batting: RHB Manuel Martínez 0-0: Called Strike
0-1: Fly out, F8 (Flyball, 8RM)
Bottom of the 3rd over - 0 run(s), 0 hit(s), 0 error(s), 0 left on base; California 5 - Mississippi State 2
TOP OF THE 4TH
California Golden Bears batting - Pitching for Mississippi State Bulldogs : RHP Patrick Curtis
Batting: LHB Ken Wheeler 0-0: Called Strike
0-1: Swinging Strike
0-2: Foul Ball, location: 2F
0-2: Foul Ball, location: 2F
0-2: SINGLE (Line Drive, 34D)
Batting: LHB Ryan Rheaume 0-0: Swinging Strike
0-1: Ball
1-1: Ball
2-1: Swinging Strike
2-2: Ball
3-2: Strikes out looking
Batting: RHB William Knisley 0-0: SINGLE (Line Drive, 56D)
Ken Wheeler to second
Batting: LHB Kelsey Scott 0-0: Swinging Strike
0-1: Foul Ball, location: 2F
0-2: Strikes out swinging
Batting: RHB Robin Dobson 0-0: Called Strike
0-1: Ground out 5-3 (Groundball, 56)
Top of the 4th over - 0 run(s), 2 hit(s), 0 error(s), 2 left on base; California 5 - Mississippi State 2
BOTTOM OF THE 4TH
Mississippi State Bulldogs batting - Pitching for California Golden Bears : RHP Wilson Yoxall
Batting: RHB Eric Thompson 0-0: Called Strike
0-1: Fly out, F8 (Flyball, 8RM)
Batting: RHB Johnny Williams 0-0: Called Strike
0-1: Ball
1-1: Called Strike
1-2: Ball
2-2: Strikes out swinging
Batting: RHB Larry Beauregard 0-0: Ball
1-0: Called Strike
1-1: SINGLE (Groundball, 56D)
Batting: SHB Rick Hinton 0-0: Ground out 3-1 (Groundball, 34)
Bottom of the 4th over - 0 run(s), 1 hit(s), 0 error(s), 1 left on base; California 5 - Mississippi State 2
TOP OF THE 5TH
California Golden Bears batting - Pitching for Mississippi State Bulldogs : RHP Patrick Curtis
Batting: RHB Marv Shepard 0-0: Ball
1-0: Called Strike
1-1: Foul Ball, location: 2F
1-2: Ball
2-2: Ball
3-2: Foul Ball, location: 2F
3-2: Foul Ball, location: 2F
3-2: Strikes out swinging
Batting: LHB Robbie Evison 0-0: Ball
1-0: Fly out, F8 (Line Drive, 8RM)
Batting: SHB Darrel Lang 0-0: Ball
1-0: Called Strike
1-1: Ball
2-1: Ground out 3-1 (Groundball, 34S)
Top of the 5th over - 0 run(s), 0 hit(s), 0 error(s), 0 left on base; California 5 - Mississippi State 2
BOTTOM OF THE 5TH
Mississippi State Bulldogs batting - Pitching for California Golden Bears : RHP Wilson Yoxall
Batting: RHB Woody Wright 0-0: Ball
1-0: Fly out, F9 (Flyball, 89M)
Batting: SHB Alex Stewart 0-0: Ball
1-0: Called Strike
1-1: Swinging Strike
1-2: Foul Ball, location: 2F
1-2: Foul Ball, location: 2F
1-2: Strikes out swinging
Batting: LHB Marvin Nichols 0-0: Ball
1-0: Foul Ball, location: 2F
1-1: Foul Ball, location: 2F
1-2: Foul Ball, location: 2F
1-2: Ball
2-2: Ground out 1-4-3 (Groundball, 15S)
Bottom of the 5th over - 0 run(s), 0 hit(s), 0 error(s), 0 left on base; California 5 - Mississippi State 2
TOP OF THE 6TH
California Golden Bears batting - Pitching for Mississippi State Bulldogs : RHP Patrick Curtis
Pitching: LHP Felipe Villarreal
Batting: RHB Francis Land 0-0: Ball
1-0: Ball
2-0: Ground out 2-3 (Groundball, 2L)
Batting: LHB Ken Wheeler 0-0: Called Strike
0-1: Called Strike
0-2: Ball
1-2: SINGLE (Groundball, 56D)
Batting: LHB Ryan Rheaume 0-0: Called Strike
0-1: Ball
1-1: Ball
2-1: Called Strike
2-2: Foul Ball, location: 2F
2-2: Ball
3-2: Foul Ball, location: 2F
3-2: Fly out, F7 (Flyball, 7M)
Batting: RHB William Knisley 0-0: Called Strike
0-1: Foul Ball, location: 2F
0-2: Ball
1-2: Ball
2-2: Ball
3-2: Strikes out looking
Top of the 6th over - 0 run(s), 1 hit(s), 0 error(s), 1 left on base; California 5 - Mississippi State 2
BOTTOM OF THE 6TH
Mississippi State Bulldogs batting - Pitching for California Golden Bears : RHP Wilson Yoxall
Batting: LHB Jorge Hernández 0-0: Ball
1-0: Ball
2-0: Foul Ball, location: 2F
2-1: Ball
3-1: Fly out, F9 (Flyball, 89M)
Batting: RHB Manuel Martínez 0-0: Foul Ball, location: 2F
0-1: Called Strike
0-2: Ball
1-2: Fly out, F3 (Popup, 3F)
Batting: RHB Eric Thompson 0-0: Ball
1-0: Swinging Strike
1-1: Called Strike
1-2: Foul Ball, location: 2F
1-2: Ball
2-2: Foul Ball, location: 2F
2-2: Foul Ball, location: 2F
2-2: Hit by Pitch
Batting: RHB Johnny Williams 0-0: Ball
Eric Thompson is caught stealing 2nd base
Bottom of the 6th over - 0 run(s), 0 hit(s), 0 error(s), 0 left on base; California 5 - Mississippi State 2
TOP OF THE 7TH
California Golden Bears batting - Pitching for Mississippi State Bulldogs : LHP Felipe Villarreal
Batting: LHB Kelsey Scott 0-0: Ball
1-0: Hit by Pitch
Batting: RHB Robin Dobson 0-0: Ball
1-0: Sac Bunt - play at first, batter OUT! 5-3
Kelsey Scott to second
Batting: RHB Marv Shepard 0-0: Intentional Walk
Batting: LHB Robbie Evison 0-0: Ball
1-0: Ball
2-0: Ball
3-0: Base on Balls
Kelsey Scott to third
Marv Shepard to second
Batting: SHB Darrel Lang 0-0: Ball
1-0: Fly out, F6 (Line Drive, 6)
1-0: Lined into DP, 6-4 (Line Drive, 6)
Top of the 7th over - 0 run(s), 0 hit(s), 0 error(s), 2 left on base; California 5 - Mississippi State 2
BOTTOM OF THE 7TH
Mississippi State Bulldogs batting - Pitching for California Golden Bears : RHP Wilson Yoxall
Pitching: RHP Chris Keats
Batting: RHB Johnny Williams 0-0: Ball
1-0: Ball
2-0: Called Strike
2-1: Ball
3-1: Swinging Strike
3-2: Base on Balls
Batting: RHB Larry Beauregard 0-0: Ball
1-0: Ball
2-0: SINGLE (Line Drive, 7S)
Johnny Williams to second
Batting: SHB Rick Hinton 0-0: Foul Ball, location: 2F
0-1: DOUBLE (Groundball, 5L)
Johnny Williams scores
Larry Beauregard to third
Batting: RHB Woody Wright 0-0: Foul Ball, location: 2F
0-1: Ball
1-1: Ball
2-1: Ball
3-1: Base on Balls
Batting: SHB Alex Stewart 0-0: Ball
1-0: Called Strike
1-1: Ball
2-1: Called Strike
2-2: Foul Ball, location: 2F
2-2: Foul Ball, location: 2F
2-2: Foul Ball, location: 2F
2-2: SINGLE (Groundball, 34D)
Larry Beauregard scores
Rick Hinton to third
Woody Wright to second
Batting: LHB Marvin Nichols 0-0: Ball
1-0: Grounds into double play, 3-2-3 (Groundball, 3)
Woody Wright to third
Alex Stewart to second
Batting: LHB Jorge Hernández 0-0: Called Strike
0-1: Fly out, F7 (Flyball, 7LM)
Bottom of the 7th over - 2 run(s), 3 hit(s), 0 error(s), 2 left on base; California 5 - Mississippi State 4
TOP OF THE 8TH
California Golden Bears batting - Pitching for Mississippi State Bulldogs : LHP Felipe Villarreal
Pitching: RHP Chris Ervin
Batting: RHB Francis Land 0-0: Foul Ball, location: 2F
0-1: Ball
1-1: Foul Ball, location: 2F
1-2: Strikes out swinging
Batting: LHB Ken Wheeler 0-0: Swinging Strike
0-1: Ball
1-1: SINGLE (Line Drive, 7LS)
Batting: LHB Ryan Rheaume 0-0: Called Strike
0-1: Called Strike
0-2: Strikes out swinging
Batting: RHB William Knisley 0-0: Ball
1-0: Called Strike
1-1: Ball
2-1: Called Strike
2-2: Strikes out looking
Top of the 8th over - 0 run(s), 1 hit(s), 0 error(s), 1 left on base; California 5 - Mississippi State 4
BOTTOM OF THE 8TH
Mississippi State Bulldogs batting - Pitching for California Golden Bears : RHP Chris Keats
Batting: RHB Manuel Martínez 0-0: Ball
1-0: Ball
2-0: Fly out, F8 (Flyball, 8RM)
Batting: RHB Eric Thompson 0-0: DOUBLE (Line Drive, 3D)
Batting: RHB Johnny Williams 0-0: Called Strike
0-1: Swinging Strike
0-2: Ball
1-2: Ball
2-2: Ball
3-2: Foul Ball, location: 2F
3-2: Base on Balls
Pitching: RHP Gregg Sullivan
Batting: RHB Larry Beauregard 0-0: Called Strike
0-1: Ball
1-1: Foul Ball, location: 2F
1-2: Strikes out swinging
Pitching: RHP António Cruz
Batting: SHB Rick Hinton 0-0: Called Strike
0-1: Swinging Strike
0-2: Strikes out swinging
Bottom of the 8th over - 0 run(s), 1 hit(s), 0 error(s), 2 left on base; California 5 - Mississippi State 4
TOP OF THE 9TH
California Golden Bears batting - Pitching for Mississippi State Bulldogs : RHP Chris Ervin
Pitching: LHP Adrian Bryant
Batting: LHB Kelsey Scott 0-0: DOUBLE (Line Drive, 89M)
Batting: RHB Robin Dobson 0-0: Ball
1-0: SINGLE (Flyball, 8LS)
Kelsey Scott to third
Runner from 3rd tries for Home, SAFE, no throw or cutoff
Batting: RHB Marv Shepard 0-0: Called Strike
0-1: Ball
1-1: Called Strike
1-2: Ball
2-2: Foul Ball, location: 2F
2-2: Strikes out swinging
Batting: LHB Robbie Evison 0-0: Ball
1-0: Grounds into double play, 6-4-3 (Groundball, 6M)
Top of the 9th over - 1 run(s), 2 hit(s), 0 error(s), 0 left on base; California 6 - Mississippi State 4
BOTTOM OF THE 9TH
Mississippi State Bulldogs batting - Pitching for California Golden Bears : RHP António Cruz
Pitching: RHP Aurelio Vásquez
Now at C: Francisco Méndez
Now at SS: Ray Foster
Batting: RHB Woody Wright 0-0: Called Strike
0-1: Ball
1-1: Foul Ball, location: 2F
1-2: SINGLE (Groundball, 4)
Batting: SHB Alex Stewart 0-0: Called Strike
0-1: Called Strike
0-2: Ball
1-2: Foul Ball, location: 2F
1-2: SINGLE (Line Drive, 8LS)
Woody Wright to second
Batting: LHB Marvin Nichols 0-0: Sac Bunt - play at first, batter OUT! 1-4
Woody Wright to third
Alex Stewart to second
Batting: LHB Jorge Hernández 0-0: Swinging Strike
0-1: Foul Ball, location: 2F
0-2: Strikes out looking
Batting: RHB Manuel Martínez 0-0: DOUBLE (Flyball, 78M)
Woody Wright scores
Alex Stewart scores
Batting: RHB Eric Thompson 0-0: Ball
1-0: Called Strike
1-1: Ball
2-1: Swinging Strike
2-2: Ground out 6-3 (Groundball, 6)
Bottom of the 9th over - 2 run(s), 3 hit(s), 0 error(s), 1 left on base; California 6 - Mississippi State 6
TOP OF THE 10TH
California Golden Bears batting - Pitching for Mississippi State Bulldogs : LHP Adrian Bryant
Batting: SHB Darrel Lang 0-0: SINGLE (Flyball, 9LS)
Batting: RHB Francis Land 0-0: Bunted foul
0-1: Bunt missed!
0-2: Foul Ball, location: 2F
0-2: Ball
1-2: TRIPLE (Flyball, 9M)
Darrel Lang scores
Pinch Hitting: RHB Brandon Martin 0-0: Intentional Walk
Batting: LHB Ryan Rheaume 0-0: Called Strike
0-1: Called Strike
0-2: Strikes out swinging
Pinch Hitting: RHB Chris Martínez 0-0: Ball
1-0: Ground out 5-3 (Groundball, 5L)
Brandon Martin to second
Batting: RHB Ray Foster 0-0: Ball
1-0: Foul Ball, location: 2F
1-1: Foul Ball, location: 2F
1-2: SINGLE (Groundball, 6)
Francis Land scores
Brandon Martin to third
Runner from 3rd tries for Home, SAFE, throw made home
Ray Foster to second
Pitching: RHP Rick Schneider
Batting: RHB Robin Dobson 0-0: Ball
1-0: Called Strike
1-1: Foul Ball, location: 2F
1-2: Ball
2-2: Fly out, F8 (Flyball, 8LM)
Top of the 10th over - 3 run(s), 3 hit(s), 0 error(s), 1 left on base; California 9 - Mississippi State 6
BOTTOM OF THE 10TH
Mississippi State Bulldogs batting - Pitching for California Golden Bears : RHP Aurelio Vásquez
Now in LF: Chris Martínez
Now in RF: Brandon Martin
Batting: RHB Johnny Williams 0-0: Called Strike
0-1: Ball
1-1: Foul Ball, location: 2F
1-2: Ball
2-2: Ground out 1-3 (Groundball, 13S)
Batting: RHB Larry Beauregard 0-0: Called Strike
0-1: Called Strike
0-2: Foul Ball, location: 2F
0-2: Ball
1-2: Ball
2-2: Ball
3-2: Strikes out swinging
Batting: SHB Rick Hinton 0-0: Ball
1-0: Ground out 3-1 (Groundball, 34)
Bottom of the 10th over - 0 run(s), 0 hit(s), 0 error(s), 0 left on base; California 9 - Mississippi State 6
This league is powered by Out of the Park Baseball, the baseball management simulation game for PC, Mac and Linux
Tuesday, August 2nd, 2016 - OOTP Baseball 16.8 Build 38